 Dungeon Crawl Stone Soup version 0.25-a0-353-ged6d54792d (webtiles) character file.

Game seed: 871178856333351765, levelgen mode: classic

200924 Borgoz the Bludgeoner (level 18, -29/121 HPs)
             Began as a Gargoyle Berserker on Jan 1, 2020.
             Was the Champion of Trog.
             Blown up by an orb spider (39 damage)
             ... with an orb of destruction
             ... on level 3 of the Spider Nest.
             The game lasted 01:15:28 (31870 turns).

Borgoz the Bludgeoner (Gargoyle Berserker)         Turns: 31870, Time: 01:15:28

Health: -29/121    AC: 38    Str: 26    XL:     18   Next: 52%
Magic:  0/20       EV: 18    Int: 10    God:    Trog [******]
Gold:   2267       SH:  0    Dex: 10    Spells: 17/17 levels left

rFire    + . .     SeeInvis .   a - +2 eveningstar (flame)
rCold    + + .     Gourm    .   (no shield)
rNeg     + . .     Faith    .   f - +0 ring mail of the Ward {rPois MR+ Slay+4 Stlth-}
rPois    ∞         Spirit   +   x - +5 helmet of Poor Excuses {rPois rC+ MR+}
rElec    +         Reflect  .   D - +2 cloak
rCorr    .         Harm     .   J - +2 pair of gloves
MR       +++..                  d - +0 pair of boots
Stlth    ..........             U - amulet of guardian spirit
HPRegen  0.30/turn              L - ring of protection from fire
MPRegen  0.17/turn              F - ring of protection from cold

@: flying, studying Armour
A: big wings, negative energy resistance 1, electricity resistance, unbreathing,
petrification resistance, rot immunity, AC +13
}: 1/15 runes: decaying
a: Stop Flying, Berserk, Trog's Hand, Brothers in Arms, Renounce Religion


You were on level 3 of the Spider Nest.
You worshipped Trog.
Trog was exalted by your worship.
You were not hungry.

You visited 5 branches of the dungeon, and saw 30 of its levels.
You also visited: Ice Cave.

You collected 3422 gold pieces.
You spent 1155 gold pieces at shops.

Inventory:

Hand Weapons
 a - a +2 eveningstar of flaming (weapon)
 b - a +2 great mace of crushing
 P - the +8 flail "Usurch" {freeze, rN+}
   (You found it on level 3 of the Spider Nest)

   It has been specially enchanted to freeze those struck by it, causing extra
   injury to most foes and up to half again as much damage against particularly
   susceptible opponents.
   It can also slow down cold-blooded creatures.
   It protects you from negative energy.
Missiles
 O - 4 throwing nets (quivered)
Armour
 d - a +0 pair of boots (worn)
 f - the +0 ring mail of the Ward (worn) {rPois MR+ Slay+4 Stlth-}
   (You bought it in a shop on level 2 of the Orcish Mines)

   It affects your accuracy and damage with ranged weapons and melee attacks
   (+4).
   It protects you from poison.
   It affects your resistance to hostile enchantments.
   It makes you less stealthy.
 x - the +5 helmet of Poor Excuses (worn) {rPois rC+ MR+}
   (You bought it in a shop on level 2 of the Orcish Mines)

   It protects you from cold.
   It protects you from poison.
   It affects your resistance to hostile enchantments.
 D - a +2 cloak (worn)
 J - a +2 pair of gloves (worn)
Jewellery
 F - a ring of protection from cold (right hand)
 L - a ring of protection from fire (left hand)
 U - an amulet of guardian spirit (around neck)
Wands
 e - a wand of scattershot (6)
 i - a wand of iceblast (8)
 n - a wand of acid (11)
 u - a wand of clouds (5)
 z - a wand of paralysis (11)
 E - a wand of disintegration (17)
 G - a wand of polymorph (13)
 I - a wand of digging (22)
Scrolls
 g - 13 scrolls of remove curse
 h - a scroll of holy word
 k - 17 scrolls of teleportation
 p - a scroll of immolation {unknown}
 v - 6 scrolls of blinking
 y - 6 scrolls of fog
 A - a scroll of enchant weapon
 H - a scroll of summoning {unknown}
 K - 3 scrolls of fear {unknown}
 M - 5 scrolls of torment {unknown}
 X - 3 scrolls of magic mapping
Potions
 j - 9 potions of curing
 l - 7 potions of haste
 m - 4 potions of invisibility
 o - 3 potions of resistance
 q - 10 potions of heal wounds
 r - 2 potions of cancellation
 t - 10 potions of agility
 B - 3 potions of might
 C - a potion of magic
 N - a potion of berserk rage
 T - a potion of ambrosia
Books
 s - a manual of Armour
Comestibles
 c - 49 rations
 w - 7 chunks of flesh


   Skills:
 * Level 16.3 Fighting
 * Level 17.6 Maces & Flails
 + Level 16.1 Armour
 * Level 15.0 Dodging
   Level 5.0 Shields
 + Level 3.5 Evocations


You had 17 spell levels left.
You didn't know any spells.
Your spell library was empty.

Dungeon Overview and Level Annotations

Branches:
Dungeon (15/15)            Temple (0/1) D:7            Lair (6/6) D:11
  Swamp (4/4) Lair:3       Spider (3/4) Lair:3        Slime (0/5) Lair:5
    Orc (2/2) D:10            Elf (0/3) Orc:2        Vaults (0/5) D:13
 Depths (0/5) D:15          IceCv (visited)

Altars:
Cheibriados
Elyvilon
Gozag
Hepliaklqana
Makhleb
Nemelex Xobeh
Sif Muna
Trog
Uskayaw
Wu Jian
Xom
Zin

Shops:
D:5 *   Orc:2 %[(([


Innate Abilities, Weirdness & Mutations

You are resistant to torment.
Your stone body is resilient. (AC +13)
You are immune to poison.
Your large and strong wings let you fly indefinitely.
You resist negative energy. (rN+)
You are resistant to electric shocks. (rElec)
You can survive without breathing.
You are immune to petrification.
You are immune to rotting.


Message History

You puncture the redback! You burn the redback.
The redback is heavily wounded.
The orb spider begins to weave its threads into a brightly glowing ball.
The redback bites you but does no damage.
You hit the redback. You burn the redback.
The redback is almost dead.
The redback bites you but does no damage.
You closely miss the redback.
The redback is almost dead.
The redback completely misses you.
You barely miss the redback.
The redback is almost dead.
The redback closely misses you.
You impale the redback!! You burn the redback.
You kill the redback!
Trog accepts your kill.
The orb spider weaves a glowing orb of energy.
An orb of destruction comes into view.
The orb of destruction hits you!!!
You die...

## .. .#.... #.^^# ..
..... ...# #..# ....# ##
$...# #...##...#.#..
.#..# ##....#?.. .... .#
.# ##.... ..^#...#. ## s
^.....##..#..... #
##...^..#..@..#....
....##..#...○○s.... #
##...#.#...††.^.##.#.
####......#...#.†##...#
^##^.###..........#.....
##..^......#.....##.....
.#...#.#^..#....##.....#
......^##......##.......
.#......###.##........


You could see an orb spider.

Vanquished Creatures
  Nikola (Spider:2)
  Arachne (Spider:2)
  Jorgrun (D:12)
  Rupert (D:12)
  3 thorn hunters
  Roxanne (D:15)
  Aizul (Swamp:2)
  Louise (Spider:1)
  2 emperor scorpions
  A ghost moth (Spider:2)
  3 very ugly things
  Azrael (Spider:1)
  2 spark wasps
  The ghost of MewIchigo the Thaumaturge, a journeyman DgAE (Lair:3)
  2 green deaths (Swamp:4)
  A death ooze (Swamp:4)
  A yaktaur captain (D:15)
  Josephine (D:12)
  Fannar (Lair:1)
  6 vault guards (D:13)
  15 hydras
  2 hell beasts (Swamp:4)
  3 catoblepae (Lair:6)
  8 alligators
  2 centaur warriors
  2 ogre magi
  The ghost of LostGamesStreakFreak the Fighter, a journeyman GrGl of Okawaru (Lair:1)
  3 shambling mangroves
  9 death yaks (Lair:6)
  7 two-headed ogres
  3 tengu warriors
  A thrashing horror (Swamp:4)
  3 orc high priests (Orc:2)
  4 spriggans
  Nergalle (Lair:2)
  2 spriggan druids (Swamp:4)
  6 swamp dragons
  5 orc knights
  8 orb spiders
  Pikel (D:6)
  10 wolf spiders
  An oklob plant (Lair:1)
  5 orc sorcerers
  2 deep elf magi (D:15)
  5 manticores
  9 ugly things
  24 slime creatures
  4 cyclopes
  6 elephants
  27 spiny frogs
  6 ice statues
  2 black mambas (Lair:5)
  2 orange demons (Swamp:4)
  Psyche (D:9)
  3 demonic crawlers
  A freezing wraith (D:13)
  A kobold demonologist (D:15)
  4 komodo dragons
  A yaktaur (D:15)
  3 anaconda simulacra (IceCv)
  A tengu conjurer (D:15)
  3 rime drakes
  3 trolls
  16 jumping spiders
  A polar bear (Lair:4)
  6 tyrant leeches
  A queen bee (Lair:2)
  3 meliai (D:15)
  18 hornets
  Grinder (D:3)
  2 large abominations (Swamp:4)
  29 blink frogs
  15 hippogriffs
  Sigmund (D:3)
  9 bog bodies
  24 redbacks
  31 tarantellas
  A vampire (D:12)
  7 shadows
  51 yaks
  A dire elephant simulacrum (IceCv)
  4 basilisks
  3 wraiths (D:12)
  5 humans (D:13)
  3 wyverns
  3 fire elementals (Spider:1)
  10 vampire mosquitoes
  A steam dragon (D:10)
  4 hungry ghosts
  18 swamp worms
  3 hydra simulacra (IceCv)
  5 wargs
  A harpy simulacrum (IceCv)
  2 hell hounds (Spider:1)
  25 insubstantial wisps
  An iron troll simulacrum (IceCv)
  A soldier ant (D:13)
  12 porcupines
  22 water moccasins
  22 orc warriors
  7 swamp drakes
  10 ice beasts
  4 sky beasts
  A black bear (D:7)
  An eye of draining (D:14)
  A necrophage (D:13)
  2 phantoms
  4 slaves (D:6)
  34 wolves
  8 centaurs
  12 ogres
  10 crocodiles
  5 big kobolds
  19 bullfrogs
  A wyvern zombie (D:10)
  A wyvern skeleton (D:13)
  3 scorpions
  4 wights (D:15)
  27 killer bees
  2 electric eels (Spider:1)
  3 howler monkeys
  3 crimson imps
  A bullfrog zombie (D:5)
  A quasit (D:11)
  8 jellies
  3 centaur skeletons
  15 orc priests
  2 hounds
  7 iguanas
  21 orc wizards
  13 worker ants
  A killer bee zombie (D:8)
  A hound zombie (D:7)
  A hound skeleton (D:11)
  2 worker ant zombies
  8 adders
  7 gnolls
  3 shadow imps
  11 oozes
  An adder skeleton (D:10)
  2 adder zombies (D:7)
  7 worms
  2 dart slugs
  3 leopard geckos
  50 orcs
  8 bats
  14 giant cockroaches
  14 goblins
  7 hobgoblins
  3 jackals
  24 kobolds
  6 quokkas
  3 ball pythons
  5 frilled lizards
  2 quokka skeletons
  4 rats
  A briar patch (Swamp:4)
1027 creatures vanquished.

Vanquished Creatures (others)
  A thrashing horror (Swamp:4)
  An alligator (Swamp:2)
  A wolf spider (Spider:2)
  An ugly thing (Swamp:4)
  A human (D:13)
  2 orc warriors (Orc:2)
  An orc wizard (Orc:2)
  An adder (D:10)
  8 fungi
  8 plants
  6 toadstools (D:7)
31 creatures vanquished.

Grand Total: 1058 creatures vanquished

Notes
Turn   | Place    | Note
-------+----------+-------------------------------------------
     0 | D:1      | Borgoz the Gargoyle Berserker began the quest for the Orb.
     0 | D:1      | Reached XP level 1. HP: 14/14 MP: 1/1
   300 | D:1      | Reached XP level 2. HP: 19/19 MP: 2/2
   339 | D:1      | You fall into a shaft and drop 1 floor!
   529 | D:1      | Reached XP level 3. HP: 15/23 MP: 3/3
  1229 | D:2      | Reached ** piety under Trog
  1297 | D:2      | Found a snail-covered altar of Cheibriados.
  1297 | D:2      | Found a sparkling altar of Nemelex Xobeh.
  1303 | D:2      | Found a bloodstained altar of Trog.
  1305 | D:2      | Found an opulent altar of Gozag.
  1307 | D:2      | Found an ornate altar of the Wu Jian Council.
  1604 | D:2      | Reached XP level 4. HP: 28/29 MP: 4/4
  2073 | D:3      | Noticed Sigmund
  2122 | D:3      | Killed Sigmund
  2122 | D:3      | Reached skill level 4 in Maces & Flails
  2122 | D:3      | Reached skill level 1 in Shields
  2122 | D:3      | Reached XP level 5. HP: 33/33 MP: 5/5
  2122 | D:3      | Reached XP level 6. HP: 38/38 MP: 6/6
  2484 | D:3      | Noticed Grinder
  2488 | D:3      | Paralysed by Grinder for 4 turns
  2507 | D:3      | Killed Grinder
  2507 | D:3      | Reached skill level 5 in Maces & Flails
  2507 | D:3      | Reached XP level 7. HP: 44/44 MP: 7/7
  2652 | D:3      | Reached *** piety under Trog
  3557 | D:4      | Found a white marble altar of Elyvilon.
  3836 | D:5      | Entered Level 5 of the Dungeon
  3873 | D:5      | Found a hazy altar of Hepliaklqana.
  3930 | D:5      | Found Lobuled's Assorted Antiques.
  3934 | D:5      | Bought a jewelled chain mail for 190 gold pieces
  3934 | D:5      | Bought a potion of heal wounds for 100 gold pieces
  3958 | D:5      | Identified the cursed +1 chain mail of the Dwarven Hall
                  | {Str+4 Int+2} (You bought it in a shop on level 5 of the
                  | Dungeon)
  4056 | D:5      | Reached skill level 5 in Fighting
  4056 | D:5      | Reached XP level 8. HP: 8/49 MP: 8/8
  4404 | D:6      | Reached skill level 6 in Maces & Flails
  4655 | D:6      | Noticed Pikel
  4685 | D:6      | Killed Pikel
  4839 | D:6      | Reached skill level 5 in Dodging
  5008 | D:6      | Found a hide-covered altar of Uskayaw.
  5403 | D:7      | Reached skill level 5 in Armour
  5403 | D:7      | Reached XP level 9. HP: 55/55 MP: 9/9
  5611 | D:7      | Reached skill level 7 in Maces & Flails
  5616 | D:7      | Found a staircase to the Ecumenical Temple.
  6009 | D:7      | Killed a large slime creature
  6012 | D:7      | Reached **** piety under Trog
  6396 | D:8      | Reached skill level 5 in Shields
  6556 | D:8      | Reached skill level 8 in Maces & Flails
  6769 | D:8      | Found a burning altar of Makhleb.
  6770 | D:8      | Reached XP level 10. HP: 56/61 MP: 10/10
  6801 | D:8      | Found a shimmering altar of Xom.
  7458 | D:9      | Noticed Psyche
  7474 | D:9      | Killed Psyche
  7723 | D:9      | Reached skill level 9 in Maces & Flails
  7874 | D:10     | Entered Level 10 of the Dungeon
  8164 | D:10     | Found a staircase to the Orcish Mines.
  8402 | D:10     | Reached XP level 11. HP: 54/68 MP: 11/11
  8662 | D:11     | Noticed a cyclops
  8676 | D:11     | Killed a cyclops
  8676 | D:11     | Reached ***** piety under Trog
  8676 | D:11     | Received a gift from Trog
  8996 | D:11     | Found a staircase to the Lair.
  9012 | D:11     | Reached skill level 10 in Maces & Flails
  9138 | D:11     | Found a glowing silver altar of Zin.
  9392 | D:12     | Noticed a manticore
  9408 | D:12     | Killed a manticore
  9641 | D:12     | Noticed a two-headed ogre
  9648 | D:12     | Killed a two-headed ogre
  9695 | D:12     | Reached skill level 11 in Maces & Flails
  9695 | D:12     | Reached XP level 12. HP: 68/76 MP: 12/12
  9710 | D:12     | Noticed Josephine
  9728 | D:12     | Killed Josephine
 10135 | D:12     | Noticed Jorgrun
 10155 | D:12     | Killed Jorgrun
 10329 | D:12     | Noticed Rupert
 10360 | D:12     | Killed Rupert
 10360 | D:12     | Reached skill level 10 in Fighting
 10360 | D:12     | Reached skill level 12 in Maces & Flails
 10360 | D:12     | Reached skill level 10 in Dodging
 10360 | D:12     | Reached XP level 13. HP: 51/82 MP: 5/13
 11237 | D:13     | Noticed a vault guard
 11237 | D:13     | Noticed a vault guard
 11237 | D:13     | Noticed a vault guard
 11248 | D:13     | Killed a vault guard
 11251 | D:13     | Noticed a vault guard
 11258 | D:13     | Noticed a vault guard
 11264 | D:13     | Killed a vault guard
 11267 | D:13     | Noticed a vault guard
 11288 | D:13     | Killed a vault guard
 11288 | D:13     | Reached skill level 10 in Armour
 11321 | D:13     | Killed a vault guard
 11363 | D:13     | Killed a vault guard
 11391 | D:13     | Received a gift from Trog
 11443 | D:13     | Killed a vault guard
 11582 | D:13     | Found a gate to the Vaults.
 11735 | D:14     | Found a shimmering blue altar of Sif Muna.
 12126 | D:14     | Reached skill level 13 in Maces & Flails
 12625 | D:15     | Entered Level 15 of the Dungeon
 12837 | D:15     | Gained mutation: Your large and strong wings let you fly
                  | indefinitely. [Gargoyle growth]
 12837 | D:15     | Reached XP level 14. HP: 85/88 MP: 12/14
 13003 | D:15     | Noticed Roxanne
 13026 | D:15     | Killed Roxanne
 13422 | D:15     | Received a gift from Trog
 13620 | D:15     | Found a staircase to the Depths.
 13881 | Lair:1   | Entered Level 1 of the Lair of Beasts
 14089 | Lair:1   | Reached skill level 14 in Maces & Flails
 14145 | Lair:1   | Got a brightly glowing tin amulet
 14147 | Lair:1   | Identified the amulet of the Genius {+Rage rF- Int+3 Dex+2}
                  | (You found it on level 1 of the Lair of Beasts)
 14163 | Lair:1   | Noticed LostGamesStreakFreak's ghost (journeyman GrGl)
 14183 | Lair:1   | Noticed Fannar
 14204 | Lair:1   | Killed Fannar
 14251 | Lair:1   | Found a runed translucent gate.
 14251 | Lair:1   | Found a runed translucent gate.
 14251 | Lair:1   | Found a runed translucent gate.
 14965 | Lair:1   | Killed LostGamesStreakFreak's ghost
 15075 | Lair:2   | Received a gift from Trog
 15506 | Lair:2   | Received a gift from Trog
 15568 | Lair:2   | Got a bloodstained glaive
 15687 | Lair:2   | Noticed Nergalle
 15698 | Lair:2   | Killed Nergalle
 15698 | Lair:2   | Reached XP level 15. HP: 96/96 MP: 15/15
 16057 | Lair:3   | Found a hole to the Spider Nest.
 16321 | Lair:3   | Found a staircase to the Swamp.
 16630 | Lair:3   | Found a runed translucent door.
 16630 | Lair:3   | Noticed MewIchigo's ghost (journeyman DgAE)
 16663 | Lair:3   | Killed MewIchigo's ghost
 16985 | Lair:4   | Received a gift from Trog
 18259 | Lair:5   | Reached skill level 15 in Maces & Flails
 18608 | Lair:5   | Found a staircase to the Slime Pits.
 18850 | Lair:6   | Entered Level 6 of the Lair of Beasts
 19276 | Lair:6   | Received a gift from Trog
 19604 | Lair:6   | Got a steaming dagger
 19605 | Lair:6   | Identified the +11 dagger of Analysis {flame, rPois rN+ MR-
                  | Dex+9} (You found it on level 6 of the Lair of Beasts)
 20080 | Lair:6   | Reached XP level 16. HP: 102/104 MP: 16/16
 20144 | Lair:6   | Received a gift from Trog
 20800 | Orc:1    | Entered Level 1 of the Orcish Mines
 20855 | Orc:1    | Paralysed by an orc sorcerer for 3 turns
 21262 | Orc:1    | Received a gift from Trog
 21523 | Orc:2    | Entered Level 2 of the Orcish Mines
 21674 | Orc:2    | Found a staircase to the Elven Halls.
 22057 | Orc:2    | Found Gebotsol's Food Shop.
 22115 | Orc:2    | Found Xiodghom's Armour Emporium.
 22634 | Orc:2    | Found Ackiomikei's Antique Armour Emporium.
 22645 | Orc:2    | Found Zyreczuz's Antique Weapon Shop.
 22650 | Orc:2    | Found Ezizutso's Antique Weapon Shop.
 22994 | Orc:2    | Bought the cursed +0 ring mail of the Ward {rPois MR+
                  | Slay+4 Stlth-} for 332 gold pieces
 22994 | Orc:2    | Bought the +5 helmet of Poor Excuses {rPois rC+ MR+} for
                  | 533 gold pieces
 23225 | Swamp:1  | Entered Level 1 of the Swamp
 23316 | Swamp:1  | Reached skill level 16 in Maces & Flails
 23425 | Swamp:1  | Received a gift from Trog
 24279 | Swamp:2  | Noticed a thorn hunter
 24295 | Swamp:2  | Killed a thorn hunter
 24634 | Swamp:2  | Noticed Aizul
 24675 | Swamp:2  | Killed Aizul
 25129 | Swamp:2  | Received a gift from Trog
 25167 | Swamp:2  | Noticed a thorn hunter
 25170 | Swamp:2  | Reached XP level 17. HP: 100/112 MP: 17/17
 26722 | Swamp:4  | Entered Level 4 of the Swamp
 26740 | Swamp:4  | Reached skill level 15 in Fighting
 27058 | Swamp:4  | Reached skill level 15 in Armour
 27069 | Swamp:4  | Received a gift from Trog
 28019 | Swamp:4  | Reached skill level 1 in Evocations
 28281 | Swamp:4  | Reached skill level 17 in Maces & Flails
 28718 | Swamp:4  | Got a decaying rune of Zot
 29041 | Spider:1 | Entered Level 1 of the Spider Nest
 29101 | Spider:1 | Noticed Louise
 29125 | Spider:1 | Killed Louise
 29364 | Spider:1 | Received a gift from Trog
 29505 | Spider:1 | Noticed Azrael
 29516 | Spider:1 | Killed Azrael
 29743 | Spider:1 | Reached XP level 18. HP: 113/120 MP: 17/19
 30078 | Spider:2 | Noticed Arachne
 30080 | Spider:2 | Reached ****** piety under Trog
 30106 | Spider:2 | Killed Arachne
 30135 | Spider:2 | Found a frozen archway.
 30149 | IceCv    | Entered an ice cave
 31041 | Spider:2 | Noticed Frances
 31043 | Spider:2 | Noticed Nikola
 31048 | Spider:2 | Frances changed into something unseen
 31055 | Spider:2 | Killed Frances the ghost moth
 31081 | Spider:2 | Killed Nikola
 31650 | Spider:3 | Reached skill level 15 in Dodging
 31683 | Spider:3 | Got an encrusted flail
 31700 | Spider:3 | Received a gift from Trog
 31754 | Spider:3 | Identified the +8 flail "Usurch" {freeze, rN+} (You found
                  | it on level 3 of the Spider Nest)
 31870 | Spider:3 | Blown up by an orb spider

Levels and vault maps discovered:
D:1:      noname_arrival_rooms_in_the_neighbourhood, layout_basic,
          serial_forest, infiniplex_forest_zigzag_2,
          infiniplex_forest_clump_large, infiniplex_forest_lined_corner,
          infiniplex_forest_corner_1, infiniplex_forest_lined_ring,
          infiniplex_forest_lined_room_2
D:2:      layout_basic, chequers_temple_overflow_minitemple, first_ration,
          serial_glass, glass_columns_c, glass_columns_b
D:3:      minmay_door_path, layout_rooms, kennysheep_cross_room, st_stairs_8,
          minmay_randomly_rotated_circles, uniq_grinder, uniq_sigmund
D:4:      layout_basic, marbit_many_paths
D:5:      layout_rooms, nicolae_overflow_crystal_walls, serial_shops, shop
D:6:      layout_layer_cave, kennysheep_little_box, uniq_pikel
D:7:      cheibrodos_fertilizer, layout_loops_ring,
          minmay_temple_entry_sparse_star
D:8:      layout_basic, grunt_temple_overflow_champion_of_chaos
D:9:      layout_basic, uniq_psyche
D:10:     layout_gridville, orc_0_dummy
D:11:     layout_roguey, david_lair_generic, basic_altar,
          hangedman_pestilent_swarm
D:12:     layout_irregular_city, serial_column_ruins, column_ruins_circle_small,
          column_ruins_open_medium, column_ruins_grid_1, column_ruins_grid_2,
          column_ruins_open_tiny_water, column_ruins_open_small,
          column_ruins_grid_3, column_ruins_corridor_plus,
          kennysheep_generic_room_15, uniq_jorgrun, uniq_rupert, uniq_josephine
D:13:     layout_long_grid, ximxim_vaults_locker_room
D:14:     layout_irregular_city, basic_altar, minivault_26
D:15:     grunt_enter_depths_snipers, layout_irregular_city,
          serial_park_avenue1, uniq_roxanne
Lair:1:   layout_chaotic_city, gammafunk_ghost_split, beast_lair_carwin_3,
          uniq_fannar
Lair:2:   regret_index_wax_grids, layout_misc_corridors, serial_bayou_crossing,
          serial_bayou_shore_a, grunt_megastairs_3, uniq_nergalle
Lair:3:   layout_roguey, minmay_swamp_entry_wisps,
          nicolae_spider_entry_non_spiders, gammafunk_ghost_grave
Lair:4:   layout_gridlike, beast_lair_carwin_4, grunt_megastairs_4,
          infiniplex_staircase_pool_2, lemuel_fruit_tree, serial_bayou_shore_b
Lair:5:   layout_regular_city, nicolae_slime_entry_slimehenge,
          grunt_megastairs_5
Lair:6:   evilmike_catoblepas_cave, layout_small_grid
Swamp:1:  layout_basic_swamp, serial_swamp_ruin, hangedman_swamp_ruin_wall,
          evilmike_swamp_ruin_house_4, evilmike_swamp_ruin_house_5, swamp_pool1,
          infiniplex_staircase_pool
Swamp:2:  layout_falls_marsh, evilmike_swamp_ruin_house_2, swamp_pool5,
          nicolae_swamp_little_tower, uniq_aizul
Swamp:3:  layout_basic_swamp, evilmike_swamp_ruin_house_1,
          cheibrodos_swamp_slimy
Swamp:4:  swamp_vile, layout_basic_swamp
Spider:1: layout_spider_delve, hangedman_spider_trapstep, uniq_louise,
          uniq_azrael
Spider:2: layout_spider_delve, portal_ice_cave_entry_ice_statue_one,
          uniq_arachne, uniq_frances, uniq_nikola
Spider:3: nicolae_spider_corner
Orc:1:    minmay_goldmine, layout_diamond_mine
Orc:2:    st_orc_elflike, layout_diamond_mine, serial_shops, shop

Skill      XL: |  1  2  3  4  5  6  7  8  9 10 11 12 13 14 15 16 17 18 |
---------------+-------------------------------------------------------+-----
Dodging        | 2 3 4 5 6 7 9 10 11 12 13 14 15 | 15.0
Fighting       | 4 5 6 7 9 10 12 13 14 15 16 | 16.3
Maces & Flails | 4 5 6 8 9 11 12 13 14 15 16 17 | 17.6
Armour         | 3 4 5 6 7 8 9 10 11 13 14 15 16 | 16.1
Shields        | 1 2 4 5 |  5.0
Evocations     | 2 3 |  3.5

Action                   |  1- 3 |  4- 6 |  7- 9 | 10-12 | 13-15 | 16-18 || total
-------------------------+-------+-------+-------+-------+-------+-------++-------
Melee: Mace              |   145 |   135 |    40 |       |       |       ||   320
       Flail             |       |       |   432 |   552 |   824 |       ||  1808
       Morningstar       |       |       |       |       |   356 |       ||   356
       Eveningstar       |       |       |       |       |   517 |  1605 ||  2122
Invok: Berserk           |     1 |     3 |     5 |     8 |    13 |     7 ||    37
       Trog's Hand       |       |       |       |     3 |     1 |     1 ||     5
 Abil: Fly               |       |       |       |       |     1 |       ||     1
Evoke: Wand              |       |       |       |       |     1 |     8 ||     9
  Use: Potion            |       |     2 |     1 |     1 |       |     2 ||     6
       Scroll            |       |       |     6 |     6 |    12 |     6 ||    30
 Stab: Paralysed         |       |       |       |       |       |    13 ||    13
  Eat: Chunk             |     3 |     5 |    21 |    23 |    44 |    28 ||   124
       Ration            |       |       |     1 |       |     2 |     5 ||     8
Armor: Animal skin       |    28 |       |       |       |       |       ||    28
       Ring mail         |    40 |    78 |    19 |       |       |   788 ||   925
       Plate armour      |       |       |    11 |       |       |       ||    11
       Chain mail        |       |       |   232 |   267 |  1065 |   189 ||  1753
Dodge: Dodged            |   115 |    56 |   229 |   253 |  1170 |  1351 ||  3174
Block: Buckler           |    25 |    36 |   158 |   153 |   344 |       ||   716

Table legend:
 A = Non-vault XP
 B = Vault XP
 C = Vault XP percentage of total XP
 D = Non-vault monster count
 E = Vault monster count
 F = Vault count percentage of total count
                 A         B        C        D         E       F
            +---------+---------+-------+---------+---------+-------
      Total |  160525 |  110214 |  40.7 |     723 |     304 |  29.6
            +---------+---------+-------+---------+---------+-------
        D:1 |      37 |       0 |   0.0 |      20 |       0 |   0.0
        D:2 |     102 |       0 |   0.0 |      34 |       0 |   0.0
        D:3 |      60 |     590 |  90.8 |      19 |      13 |  40.6
        D:4 |     140 |       2 |   1.4 |       7 |       1 |  12.5
        D:5 |     405 |       0 |   0.0 |      10 |       0 |   0.0
        D:6 |     303 |     593 |  66.2 |      10 |       1 |   9.1
        D:7 |     634 |     970 |  60.5 |      11 |      16 |  59.3
        D:8 |    1474 |      50 |   3.3 |      36 |       1 |   2.7
        D:9 |    1303 |     418 |  24.3 |      17 |       1 |   5.6
       D:10 |    2266 |       0 |   0.0 |      19 |       0 |   0.0
       D:11 |    1317 |    1348 |  50.6 |       9 |       8 |  47.1
       D:12 |    3072 |    7247 |  70.2 |      13 |       7 |  35.0
       D:13 |    3908 |    6905 |  63.9 |      23 |      11 |  32.4
       D:14 |    6386 |       0 |   0.0 |      16 |       0 |   0.0
       D:15 |   12611 |    4218 |  25.1 |      42 |       4 |   8.7
     Lair:1 |    4054 |    5118 |  55.8 |      18 |      14 |  43.8
     Lair:2 |    2122 |    7968 |  79.0 |      15 |      50 |  76.9
     Lair:3 |    3223 |    2210 |  40.7 |      23 |      13 |  36.1
     Lair:4 |    4690 |    3999 |  46.0 |      15 |      13 |  46.4
     Lair:5 |    6938 |    1137 |  14.1 |      27 |       8 |  22.9
     Lair:6 |   17141 |   10286 |  37.5 |      60 |      23 |  27.7
    Swamp:1 |   15908 |       0 |   0.0 |      39 |       0 |   0.0
    Swamp:2 |   15090 |    3490 |  18.8 |      39 |       5 |  11.4
    Swamp:3 |    6378 |     274 |   4.1 |      18 |       1 |   5.3
    Swamp:4 |   14098 |   18482 |  56.7 |      35 |      32 |  47.8
   Spider:1 |   12305 |    5930 |  32.5 |      40 |      14 |  25.9
   Spider:2 |    8337 |    9429 |  53.1 |      23 |       5 |  17.9
   Spider:3 |    8351 |    2899 |  25.8 |      24 |       7 |  22.6
      Orc:1 |    6687 |     538 |   7.4 |      47 |      11 |  19.0
      Orc:2 |    1185 |    8144 |  87.3 |      14 |      23 |  62.2
      IceCv |       0 |    7969 | 100.0 |       0 |      22 | 100.0
            +---------+---------+-------+---------+---------+-------
